AoeStats
← Navix de los Bosques de Lituania

Black Forest

509239891Analyzed
3v3 RM · 5d ago on Sep 26, 2026· 49m 54s· 6 players
Game mode
Random Map
Map size
Normal (6 player)
Population
200
Speed
Normal
Resources
Standard
Victory
Conquest
Starting age
Dark Age
Ending age
Imperial Age
RankedLock teamsTeams togetherTeam positionsShared explorationLock speedFull tech treeHidden civsTurbo modeCheats
Victory
Defeat
🇨🇦 Georgians · Canada
774
+17
🇺🇸 Bengalis · United States
757
+18
🇦🇺 Goths · Australia
751
+17
🇨🇴 Slavs · Colombia
816
-18
799
-18
🇦🇺 Bohemians · Australia
759
-16
MGGM922
0:48 Loom
16:27 Feudal Age
21:48 Double-Bit Axe
23:53 Wheelbarrow
23:15 Horse Collar
25:12 Town Watch
28:02 Castle Age
29:14 Hand Cart
29:17 Bow Saw
29:13 Heavy Plow
34:35 Gold Mining
37:57 Forging
37:49 Scale Mail Armor
37:40 Fletching
37:51 Padded Archer Armor
38:06 Fortified Wall
38:17 Ballistics
38:28 Elite Skirmisher
39:22 Scale Barding Armor
39:55 Iron Casting
41:27 Gold Shaft Mining
40:42 Stone Mining
41:31 Gold Shaft Mining
40:41 Light Cavalry
41:32 Bloodlines
41:23 Husbandry
41:46 Chain Barding Armor
41:42 Leather Archer Armor
41:23 Bodkin Arrow
44:07 Imperial Age
41:54 Pikeman
44:05 Paiks
46:17 Conscription
45:59 Bracer
46:31 Ring Archer Armor
46:53 Elite Elephant Archer
48:56 Chemistry
47:39 Halberdier
48:55 Chain Mail Armor
51:20 Blast Furnace
50:56 Plate Barding Armor
pipe4ndres
10:50 Feudal Age
11:21 Double-Bit Axe
18:17 Castle Age
16:15 Horse Collar
16:58 Gold Mining
18:16 Forging
20:16 Loom
21:20 Bloodlines
22:47 Scale Barding Armor
24:56 Chain Barding Armor
27:29 Iron Casting
30:58 Husbandry
34:09 Imperial Age
33:03 Town Watch
33:54 Wheelbarrow
36:27 Plate Barding Armor
35:17 Cavalier
36:07 Gold Mining
36:31 Bow Saw
37:51 Heavy Plow
38:09 Hand Cart
38:03 Stone Mining
38:48 Conscription
39:38 Blast Furnace
40:53 Siege Engineers
43:02 Crop Rotation
44:23 Chemistry
44:06 Heavy Scorpion
46:22 Town Patrol
47:41 Elite Monaspa
rich_jess
0:39 Loom
16:27 Feudal Age
20:40 Gold Mining
20:37 Man-at-Arms
26:30 Horse Collar
26:57 Scale Mail Armor
34:04 Castle Age
33:12 Stone Mining
34:51 Fletching
35:05 Padded Archer Armor
40:38 Bodkin Arrow
40:46 Murder Holes
40:33 Treadmill Crane
41:50 Leather Archer Armor
47:58 Wheelbarrow
47:10 Town Watch
49:59 Squires
49:20 Pikeman
49:21 Long Swordsman
49:31 Long Swordsman
50:26 Heavy Plow
Navix de los Bosques de Lituania
0:26 Loom
3:49 Loom
14:30 Feudal Age
14:39 Man-at-Arms
15:05 Arson
16:07 Forging
15:57 Scale Mail Armor
15:21 Long Swordsman
15:53 Double-Bit Axe
19:55 Horse Collar
22:32 Pikeman
25:47 Wheelbarrow
29:41 Castle Age
30:48 Hand Cart
32:00 Gold Mining
32:31 Fletching
32:41 Padded Archer Armor
39:32 Imperial Age
37:24 Squires
37:10 Gambesons
37:30 Two-Handed Swordsman
37:38 Elite Skirmisher
40:50 Iron Casting
40:30 Chain Mail Armor
40:30 Heavy Plow
40:51 Bow Saw
44:21 Leather Archer Armor
44:01 Bodkin Arrow
47:32 Ring Archer Armor
47:02 Bracer
47:47 Gold Shaft Mining
47:02 Stone Mining
Derzer
10:27 Feudal Age
14:08 Man-at-Arms
16:54 Double-Bit Axe
17:58 Scale Mail Armor
20:03 Wheelbarrow
20:46 Horse Collar
26:12 Castle Age
25:19 Gold Mining
26:23 Pikeman
27:04 Squires
28:35 Husbandry
28:49 Bloodlines
29:28 Caravan
29:59 Coinage
30:22 Scale Barding Armor
31:02 Hand Cart
30:33 Town Watch
30:53 Squires
31:00 Heavy Plow
34:56 Town Patrol
35:46 Stone Mining
36:32 Gold Shaft Mining
36:24 Bow Saw
40:45 Imperial Age
38:20 Detinets
39:21 Chain Barding Armor
43:38 Two-Man Saw
43:11 Crop Rotation
44:55 Elite Boyar
THENEYK
11:37 Feudal Age
17:50 Castle Age
16:17 Double-Bit Axe
34:14 Town Watch
Connection lost

Rejoining the realm…

Still unreachable

The connection could not be restored.

Session expired

The server has moved on; the page needs a fresh start.